 Dungeon Crawl Stone Soup version 0.30.0-30-g96aa6591b8 (webtiles) character file.

Game seed: 4820309220406467774

1160 cheesebisquit the Trooper (level 8, -17/62 HPs)
             Began as a Djinni Ice Elementalist on June 29, 2023.
             Killed from afar by Dowan (41 damage)
             ... with a shard of ice
             ... on level 5 of the Dungeon.
             The game lasted 00:19:22 (4416 turns).

cheesebisquit the Trooper (Djinni Ice Elementalist) Turns: 4416, Time: 00:19:23

Health: -17/62     AC: 14    Str:  7    XL:     8   Next: 66%
Gold:   226        EV: 12    Int: 19    God:
                   SH:  0    Dex: 17

rFire   + + .        t - +0 dagger (venom)
rCold   x . .        (no shield)
rNeg    . . .        w - +0 robe of Dishonesty {Dex+3}
rPois   ∞            s - +1 helmet {SInv}
rElec   .            u - +1 cloak
rCorr   .            g - +0 pair of gloves
SInv    +            (boots unavailable)
Will    .....        (no amulet)
Stlth   ++           (no ring)
HPRegen 0.30/turn    (no ring)
MPRegen 0.00/turn

%: infuse magic (-18 HP)
@: ice-armoured, wereblooded, freezing walls, flying
A: sickness immunity, fire resistance 2, cold vulnerability 1, float, innate
caster, HP casting, extra vitality 1
a: no special abilities


You were on level 5 of the Dungeon.
You visited 1 branch of the dungeon, and saw 5 of its levels.

You collected 226 gold pieces.

Inventory:

Hand Weapons
 t - a +0 dagger of venom (weapon)
Missiles
 a - 5 boomerangs
 l - 5 silver javelins
 m - 2 atropa-tipped darts
Armour
 e - a +1 ring mail of cold resistance
 g - a +0 pair of gloves (worn)
 i - a +0 kite shield
 s - a +1 helmet of see invisible (worn)
 u - a +1 cloak (worn)
 w - the +0 robe of Dishonesty (worn) {Dex+3}
   (You found it on level 4 of the Dungeon)

   Dex:       It affects your dexterity (+3).
 x - a scarf of repulsion
Wands
 y - a wand of polymorph (4)
 A - a wand of quicksilver (8)
Scrolls
 b - a scroll of magic mapping {unknown}
 d - 2 scrolls of torment
 f - 2 scrolls of teleportation
 j - 2 scrolls of immolation
 k - a scroll of vulnerability {unknown}
 n - a scroll of blinking {unknown}
 p - a scroll of fear {unknown}
 z - a scroll of acquirement {unknown}
Potions
 c - a potion of curing
 h - 2 potions of cancellation
 o - a potion of haste
 q - a potion of resistance
 r - 2 potions of lignification
 v - a potion of might {unknown}


   Skills:
 + Level 6.7 Fighting
 - Level 2.1 Dodging
 - Level 1.5 Stealth
 + Level 6.2 Spellcasting


You knew the following spells:

 Your Spells              Type           Power      Damage    Failure   Level
a - Freeze                Ice            100%       1d10      1%          1
b - Frozen Ramparts       Ice            58%        1d9       2%          3
c - Ozocubu's Armour      Ice            29%        N/A       2%          3
d - Summon Ice Beast      Ice/Summ       29%        N/A       9%          4
e - Shock                 Conj/Air       100%       1d9       1%          1
f - Wereblood             Tmut           29%        N/A       1%          2
z - Dazzling Flash        Conj/Hex       58%        N/A       2%          3
Your spell library was empty.

Dungeon Overview and Level Annotations

Branches:
Dungeon (5/15)
 Temple: D:4-7

Altars:
Hepliaklqana
Okawaru
Ru

Shops:
D:3 [

Annotations:
D:5 Dowan


Innate Abilities, Weirdness & Mutations

You are immune to sickness and miasma.
You are immune to poison.
Your flesh is very heat resistant. (rF++)
You are vulnerable to cold. (rC-)
You float through the air rather than walking.
You learn spells naturally, not from books.
Your magical power is your life essence.
You have superior vitality. (+4 MHP)


Message History

Dowan gestures wildly while chanting.
Dowan blinks!
The wall freezes Duvessa.
Duvessa closely misses you.
You hit Duvessa but do no damage.
Duvessa looks as sick as possible!
Duvessa is severely wounded.
The wall freezes Duvessa.
Duvessa barely misses you.
You hit Duvessa but do no damage.
Duvessa looks as sick as possible!
Duvessa is severely wounded.
The wall freezes Duvessa but does no damage.
Duvessa hits you with a +0 short sword.
The wall freezes Dowan!
The wall freezes Duvessa.
Duvessa misses you.
You barely miss Duvessa.
Duvessa is almost dead.
The frozen ramparts melt away.
Duvessa says, "Where magic fails, the sword succeeds!"
Duvessa hits you with a +0 short sword.
Casting: Wereblood (safe; 1% risk of failure)
Confirm with . or Enter, or press ? or * to list all spells.
Casting: Frozen Ramparts (dangerous; 2% risk of failure)
Press: ? - help, Dir - look around, f - activate The walls around you are covered in ice.
You feel a bit better.
You kill Duvessa!
Dowan seems overcome with grief.
Dowan seems to find hidden reserves of power!
The wall freezes Dowan.
Dowan says, "Magic will overcome all!"
Dowan casts a spell at you. The stone arrow hits you!!
The wall freezes Dowan.
You hit Dowan. You punch Dowan.
Dowan is heavily wounded.
The wall freezes Dowan.
Dowan hits you but does no damage.
You completely miss Dowan.
Dowan is severely wounded.
The wall freezes Dowan but does no damage.
Dowan barely misses you.
The wall freezes Dowan.
Dowan says, "How can I live without her?"
Dowan gestures at you while chanting. The shard of ice hits you!!!
You feel a painful chill!
Ouch! That really hurt!
You die...

..##.....#
#.##.....# ...
#.######## #.# #.#
#.# #.# #.# #.#
######### ##.##
..###.......# ...
......#####.# #e#
#####.#####.####@#
#.##.........#
#....##.######
#.#####.#
#.......#
#########


You could see Dowan (fast, empowered).

Vanquished Creatures
  Sigmund (D:4)
  Edmund (D:5)
  A water moccasin (D:5)
  Duvessa (D:5)
  3 ogres
  A howler monkey (D:5)
  4 hounds (D:5)
  An iguana (D:4)
  Ijyb (D:5)
  An orc wizard (D:5)
  Robin (D:3)
  6 adders
  An ufetubus (D:4)
  3 dart slugs
  7 orcs
  6 ball pythons
  11 endoplasms
  2 giant cockroaches
  19 goblins
  4 hobgoblins
  9 jackals
  3 quokkas
  8 bats
  7 frilled lizards
  7 kobolds
  4 rats
113 creatures vanquished.

Vanquished Creatures (others)
  A quokka (D:5)
1 creature vanquished.

Grand Total: 114 creatures vanquished

Notes
Turn   | Place    | Note
-------+----------+-------------------------------------------
     0 | D:1      | cheesebisquit the Djinni Ice Elementalist began the quest
                  | for the Orb.
     0 | D:1      | cheesebisquit set off with the following spells memorised:
                  | Freeze, Frozen Ramparts, Ozocubu's Armour, Summon Ice
                  | Beast.
     0 | D:1      | Reached XP level 1. HP: 15/15 MP: 0/0
   171 | D:1      | Reached XP level 2. HP: 19/22 MP: 0/0
   174 | D:1      | Reached skill level 1 in Fighting
   316 | D:1      | Reached XP level 3. HP: 22/27 MP: 0/0
   316 | D:1      | Learned a level 1 spell: Shock
  1126 | D:2      | Reached XP level 4. HP: 32/33 MP: 0/0
  1746 | D:3      | Found Cemnic's Antique Armour Boutique.
  2154 | D:3      | Reached XP level 5. HP: 31/40 MP: 0/0
  2154 | D:3      | Learned a level 2 spell: Wereblood
  2283 | D:3      | Noticed Robin
  2291 | D:3      | Killed Robin
  2791 | D:4      | Found a sacrificial altar of Ru.
  2882 | D:4      | Noticed an ogre
  2900 | D:4      | Killed an ogre
  2901 | D:4      | Reached XP level 6. HP: 39/47 MP: 0/0
  2957 | D:4      | Identified the +0 robe of Dishonesty {Dex+3}
  3137 | D:4      | Noticed Sigmund
  3162 | D:4      | Killed Sigmund
  3163 | D:4      | Reached skill level 5 in Spellcasting
  3163 | D:4      | Reached XP level 7. HP: 23/53 MP: 0/0
  3163 | D:4      | Learned a level 3 spell: Dazzling Flash
  3685 | D:5      | Entered Level 5 of the Dungeon
  3781 | D:5      | Found a hazy altar of Hepliaklqana.
  3784 | D:5      | Found an iron altar of Okawaru.
  3840 | D:5      | Noticed a water moccasin
  3854 | D:5      | Killed a water moccasin
  3855 | D:5      | Reached skill level 5 in Fighting
  3954 | D:5      | Reached XP level 8. HP: 37/61 MP: 0/0
  3978 | D:5      | Noticed Ijyb
  4079 | D:5      | Killed Ijyb
  4269 | D:5      | Noticed Edmund
  4280 | D:5      | Killed Edmund
  4401 | D:5      | Noticed Duvessa
  4403 | D:5      | Noticed Dowan
  4414 | D:5      | Killed Duvessa
  4416 | D:5      | Killed from afar by Dowan

Illustrated notes

Levels and vault maps discovered:
D:1:      minmay_arrival_widening_spiral_wide, layout_loops_ring
D:2:      minmay_evil_eye, layout_basic, minmay_lizard_pond
D:3:      layout_loops_cross, serial_shops, shop_fountains, uniq_robin
D:4:      layout_cave_pods, mainiacjoe_overflow_small_starburst, uniq_sigmund
D:5:      layout_loops_cross, nzn_overflow_gifts_of_might_and_magic, minitemple,
          elyvilon_altar_4, uniq_crazy_yiuf_cottage, uniq_edmund, uniq_duvessa,
          uniq_ijyb

Skill      XL: |  1  2  3  4  5  6  7  8 |
---------------+-------------------------+-----
Fighting       | 1 2 3 4 5 6 |  6.7
Spellcasting   | 4 5 6 |  6.2
Dodging        | |  2.1
Stealth        | |  1.5

Action                     |  1- 3 |  4- 6 |  7- 9 || total
---------------------------+-------+-------+-------++-------
  Melee: Short sword       |       |     1 |       ||     1
         Dagger            |       |     4 |    37 ||    41
         Punch             |       |       |     2 ||     2
   Cast: Freeze            |    61 |    37 |     8 ||   106
         Shock             |       |    37 |    35 ||    72
         Frozen Ramparts   |       |    11 |    16 ||    27
         Ozocubu's Armour  |       |     6 |     6 ||    12
         Wereblood         |       |     4 |     3 ||     7
    Use: Scroll            |       |       |     8 ||     8
 Armour: Robe              |    12 |     7 |    18 ||    37
  Dodge: Dodged            |    22 |    28 |    20 ||    70
